 Dungeon Crawl Stone Soup version 0.30-a0-557-ge2afbf3030 (webtiles) character file.

Game seed: 1999700785140963089

28 kae the Ruffian (level 2, 0/23 HPs)
             Began as a Draconian Transmuter on Dec 27, 2022.
             Succumbed to an adder's poison
             ... on level 2 of the Dungeon.
             The game lasted 00:01:36 (906 turns).

kae the Ruffian (Draconian Transmuter)               Turns: 906, Time: 00:01:37

Health: 0/23       AC:  4    Str: 12    XL:     2   Next: 96%
Magic:  5/5        EV: 12    Int: 13    God:
Gold:   66         SH:  0    Dex: 11    Spells: 2/5 levels left

rFire   . . .      SeeInvis .      - Unarmed
rCold   . . .      Faith    .    (no shield)
rNeg    . . .      Spirit   .    (body armour unavailable)
rPois   .          Reflect  .    (helmet currently unavailable)
rElec   .          Harm     .    (no cloak)
rCorr   .          Rampage  .    (no gloves)
Will    .....                    (boots currently unavailable)
Stlth   +                        (no amulet)
HPRegen 0.23/turn                (no ring)
MPRegen 0.09/turn                (no ring)

@: lethally poisoned (0 -> -1), appendages (expiring)
A: horns 2, talons 2, AC +4, unfitting armour, cold-blooded
a: End Transformation


You were on level 2 of the Dungeon.
You had temporarily grown beastly horns and talons.
You visited 1 branch of the dungeon, and saw 2 of its levels.

You collected 66 gold pieces.


Innate Abilities, Weirdness & Mutations

You have temporarily grown beastly horns and talons.
Your plain brown scales are hard. (AC +4)
You cannot fit into any form of body armour.
You are cold-blooded and may be slowed by cold attacks.


   Skills:
 - Level 1.1 Fighting
 - Level 1.7 Dodging
 + Level 3.3 Unarmed Combat
 + Level 2.3 Spellcasting
 * Level 2.8 Transmutations


You had 2 spell levels left.
You knew the following spells:

 Your Spells              Type           Power      Damage    Failure   Level
a - Beastly Appendage     Tmut           16%        N/A       8%          1
b - Wereblood             Tmut           8%         N/A       12%         2

Your spell library contained the following spells:

 Spells                   Type           Power      Damage    Failure   Level
 Cigotuvi's Dreadful Rot  Necr/Pois/Air  2%         N/A       36%         2
 Poisonous Vapours        Pois/Air       2%         N/A       36%         2
 Spider Form              Tmut/Pois      5%         N/A       38%         3
 Mephitic Cloud           Conj/Pois/Air  1%         N/A       58%         3
 Ice Form                 Ice/Tmut       5%         N/A       80%         4

Inventory:

Missiles
 i - 7 stones
Scrolls
 b - 2 scrolls of identify {unknown}
 c - a scroll of enchant armour {unknown}
 d - a scroll of poison {unknown}
 f - a scroll of brand weapon {unknown}
 g - a scroll of fog {unknown}
 j - a scroll of teleportation {unknown}
Potions
 a - a potion of lignification {!q}
 e - 3 potions of mutation {unknown}
 h - a potion of flight {unknown}

Dungeon Overview and Level Annotations

Branches:
Dungeon (2/15) Zot: 11091

Altars:

.$. ##...# ...
...... ...
#..... .[
##....# ### .
....... .. .
....... .#######
..
..>....#.......#
.......<##.....#
.......S@......#
................
......###......#
...... #......
...... .....#
##... .....#
#... #####


You could see an adder.


Message History

The endoplasm freezes you.
You are frozen.
You hit the endoplasm. You claw the endoplasm.
You kill the endoplasm!
Your transformation is almost over. 😕 HP[-2]
You take 2 damage, and now have 21/23 hp.
You see here a hobgoblin corpse.
An endoplasm comes into view.
The endoplasm moves out of view. 😕 HP[+1]
You barely miss the goblin. You headbutt the goblin.
You kill the goblin!
No target in view!
No target in view!
No target in view!
No target in view!
No target in view!
Unknown command.
An iguana comes into view. 😎 HP[+1] MP[+1]
Your hp is fully restored (23).
Your mp is fully restored (5).
An iguana is nearby!
An iguana is nearby!
An iguana is nearby!
Unknown command.
Memorise Wereblood, consuming 2 spell levels and leaving 2?
You start memorising the spell.
You continue memorising.
Your horns disappear.
Your talons disappear.
You continue memorising.
You finish memorising.
Spell assigned to 'b'.
The iguana hisses angrily.
There is a stone staircase leading up here.
You climb upwards.
There is a stone staircase leading down here.
There is a stone staircase leading down here.
You climb downwards.
The adder hisses angrily.
Found a stone staircase leading down.
There is a stone staircase leading up here.
Casting: Beastly Appendage (safe; 8% risk of failure)
Confirm with . or Enter, or press ? or * to list all spells.
You grow a pair of large bovine horns.
Your feet morph into talons. 😎 MP[-1]
You lost 1 mp, and now have 4/5 mp.
You barely miss the adder. Your kick misses the adder.
Your tail-slap misses the adder.
The adder misses you.
You miss the adder. Your headbutt misses the adder.
You tail-slap the adder, but do no damage.
The adder bites you.
You are poisoned.
The adder poisons you! The ball python bites you. The ball python grabs you.
The ball python constricts you.
You barely miss the ball python. Your kick misses the ball python.
You tail-slap the ball python.
You feel sick. The adder bites you.
You are more poisoned.
The adder poisons you! The ball python barely misses you.
The ball python constricts you. 😮 HP[-7]
You take 7 damage, and now have 16/23 hp.
MASSIVE DAMAGE!! (PAUSE)
You hit the ball python but do no damage.
You claw the ball python.
You kill the ball python!
You feel sick. The adder bites you but does no damage. The adder bites you.
* * * LOW HITPOINT WARNING * * *
😨 HP[-5]
You take 5 damage, and now have 11/23 hp.
MASSIVE DAMAGE!! (PAUSE)
You feel sick. The adder barely misses you. 😨 HP[-2]
You take 2 damage, and now have 9/23 hp.
You hit the adder.
Your transformation is almost over.
You feel sick. The adder barely misses you. 😨 HP[-1]
You take 1 damage, and now have 8/23 hp.
You miss the adder.
You feel sick. The adder bites you.
* * * LOW HITPOINT WARNING * * *
😨 HP[-2]
You take 2 damage, and now have 6/23 hp.
You hit the adder.
You feel sick.
The adder bites you but does no damage. x2 😨 MP[+1]
Your mp is fully restored (5).
Unknown command.
You barely miss the adder. Your kick misses the adder.
You feel sick. The adder bites you.
* * * LOW HITPOINT WARNING * * *
😱 HP[-3]
You take 3 damage, and now have 3/23 hp.
You hit the adder but do no damage. Your kick misses the adder.
Your punch misses the adder.
* * * LOW HITPOINT WARNING * * *
You feel sick. The adder bites you.
* * * LOW HITPOINT WARNING * * *
😱 HP[-2]
You take 2 damage, and now have 1/23 hp.
You barely miss the adder. You claw the adder.
You die...

Action                   || total
-------------------------++-------
Melee: Unarmed           ||    60
       Kick              ||    13
       Headbutt          ||     5
       Tailslap          ||     4
 Cast: Beastly Appendage ||    14
Armor: Skin              ||    19
Dodge: Dodged            ||    29

Levels and vault maps discovered:
D:1:      dpeg_arrival_radiant, layout_loops_ring,
          hellmonk_ecumenical_altar_pennies_from_heaven,
          chequers_serial_rivers_small_a, kennysheep_another_room, st_stairs_13
D:2:      layout_rooms

Notes
Turn   | Place    | Note
-------+----------+-------------------------------------------
     0 | D:1      | kae the Draconian Transmuter began the quest for the Orb.
     0 | D:1      | Reached XP level 1. HP: 16/16 MP: 3/3
     0 | D:1      | magus.rc [v1.11.3]
   124 | D:1      | You pick up a book of Vapours and begin reading...
   124 | D:1      | You add the spells Poisonous Vapours, Cigotuvi's Dreadful
                  | Rot and Mephitic Cloud to your library.
   281 | D:1      | Reached XP level 2. HP: 21/23 MP: 3/5
   293 | D:1      | Found a faded altar of an unknown god.
   864 | D:2      | Learned a level 2 spell: Wereblood
   904 | D:2      | HP: 5/23 [poisoned by an adder]
   905 | D:2      | HP: 2/23 [poisoned by an adder]
   906 | D:2      | Succumbed to an adder's poison

Vanquished Creatures
  2 endoplasms
  A goblin (D:2)
  4 hobgoblins
  2 jackals (D:1)
  2 quokkas (D:1)
  3 ball pythons
  4 bats (D:1)
  A frilled lizard (D:1)
  3 kobolds (D:1)
  3 rats (D:1)
25 creatures vanquished.

Table legend:
 A = Non-vault XP
 B = Vault XP
 C = Vault XP percentage of total XP
 D = Non-vault monster count
 E = Vault monster count
 F = Vault count percentage of total count
                 A         B        C        D         E       F
            +---------+---------+-------+---------+---------+-------
      Total |      39 |       1 |   2.5 |      24 |       1 |   4.0
            +---------+---------+-------+---------+---------+-------
        D:1 |      32 |       1 |   3.0 |      20 |       1 |   4.8
        D:2 |       7 |       0 |   0.0 |       4 |       0 |   0.0
            +---------+---------+-------+---------+---------+-------

Illustrated notes

Table legend:
 A = Kills in this place as a percentage of kills in entire the game.
 B = Kills by you in this place as a percentage of kills by you in the entire game.
 C = Kills by friends in this place as a percentage of kills by friends in the entire game.
 D = Other kills in this place as a percentage of other kills in the entire game.
 E = Experience gained in this place as a percentage of experience gained in the entire game.
 F = Experience gained in this place divided by the number of levels of this place that you have seen.
                   A       B       C       D       E      F
               +-------+-------+-------+-------+-------+----------------------
         Total | 100.0 | 100.0 |   N/A |   N/A | 100.0 |  20.0
       Dungeon | 100.0 | 100.0 |   N/A |   N/A | 100.0 |  20.0
               +-------+-------+-------+-------+-------+----------------------

Table legend: (Time is in decaauts)
 A = Elapsed time spent in this place.
 B = Non-inter-level travel time spent in this place.
 C = Inter-level travel time spent in this place.
 D = Time resting spent in this place.
 E = Time spent auto-exploring this place.
 F = Levels seen in this place.
 G = Mean time per level.
                   A        B        C        D        E       F      G
               +--------+--------+--------+--------+--------+-----+--------+
         Total |    908 |    869 |     39 |      0 |    704 |   2 |  454.0 |
       Dungeon |    908 |    869 |     39 |      0 |    704 |   2 |  454.0 |
               +--------+--------+--------+--------+--------+-----+--------+

Top non-repeatable levels by time:
     D:1: 871 daAuts
     D:2: 37 daAuts
